[Event "Late-Titled-Tuesday-Blitz-March-26-2024"]
[Site "Chess.com"]
[Date "2024.03.26"]
[Round "10"]
[White "Revan_2002"]
[Black "Gravity_Chess"]
[Result "1/2-1/2"]
[WhiteElo "2664"]
[BlackElo "2826"]
[TimeControl "180+1"]
[EndTime "15:56:39 PDT"]
[Termination "Game drawn - insufficient material"]

1. Nf3 Nf6 2. g3 b5 3. Bg2 Bb7 4. O-O e6 5. d3 d5 6. Nbd2 Nbd7 7. Re1 Bc5 8. d4 Bb6 9. a4 bxa4 10. Rxa4 c5 11. c3 O-O 12. Nb3 Ne4 13. Be3 Bc6 14. Ra1 Rb8 15. dxc5 Ndxc5 16. Nxc5 Nxc5 17. b4 Nd7 18. Bxb6 axb6 19. Qd4 Qf6 20. Ra7 Rfc8 21. Rea1 h6 22.
h4 Qxd4 23. Nxd4 Ne5 24. f4 Nc4 25. e4 Ne3 26. e5 Be8 27. R1a3 Nc4 28. Ra2 Ne3 29.
R2a3 Nd1 30. f5 exf5 31. Nxf5 Rxc3 32. Bxd5 Rd8 33. e6 fxe6 34. Rxg7+ Kh8 35. Rxc3 Nxc3 36. Bxe6 Ne4 37. Re7 h5 38. Kg2 Nf6 39. Kf2 Bc6 40. Ke3 Bd5 41. Kf4 Bxe6 42. Rxe6 Nd5+ 43. Kg5 Rg8+ 44.
Kh6 Rf8 45. Kg5 Rg8+ 46. Rg6 Rxg6+ 47. Kxg6 Nxb4 48. Kxh5 Nd5 49. Nd6 Nc7 50. g4 b5 51.
g5 b4 52. Kh6 b3 53. Nc4 Nd5 54. g6 Nf6 55. h5 Kg8 56. Kg5 Ne4+ 57. Kh6 Nf6 58.
Kg5 Ne4+ 59. Kf5 Ng3+ 60. Kg4 Ne4 61. h6 Nd6 62. Nxd6 b2 63. h7+ Kg7 64. Nf7 b1=Q 65.
h8=Q+ Kxg6 66. Qg8+ Kf6 67. Ng5 Qf5+ 68. Kh5 Qd7 69.
Qf8+ Ke5 70. Qc5+ Qd5 71. Qe7+ Kd4 72. Qb4+ Qc4 73. Ne6+ Kd3 74. Nf4+ Kd4 75. Ne2+ Kd3 76. Nc1+ Kd4 77. Nb3+ Kd5 78. Qd2+ Ke6 79. Nd4+ Kf7 80. Qg5 Qxd4 81. Qf5+ Kg7 82. Qg6+ Kh8 83. Qh6+ Kg8 84. Qg6+ Kf8 85. Qf5+ Ke7 86. Qg5+ Ke6 87. Qg4+ Qxg4+ 88. Kxg4 1/2-1/2

[Event "Late-Titled-Tuesday-Blitz-March-26-2024"]
[Site "Chess.com"]
[Date "2024.03.26"]
[Round "11"]
[White "gxbg2000"]
[Black "GWR2024"]
[Result "0-1"]
[WhiteElo "2031"]
[BlackElo "2180"]
[TimeControl "180+1"]
[EndTime "15:58:53 PDT"]
[Termination "GWR2024 won by resignation"]

1. e4 e5 2. Nf3 d5 3. exd5 e4 4. Qe2 Nf6 5. d3 Bb4+ 6. c3 O-O 7. dxe4 Bc5 8. Be3 Nxe4 9. Bxc5 Nxc5 10. Qc4 Nbd7 11.
Be2 b5 12. Qxb5 Ba6 13. Qc6 Re8 14. Nd4 Ne5 15. Qxc5 Nd3+ 16. Kd2 Nxc5 17. b4 Bxe2 18. bxc5 Qxd5 0-1

[Event "Late-Titled-Tuesday-Blitz-March-26-2024"]
[Site "Chess.com"]
[Date "2024.03.26"]
[Round "11"]
[White "Mikhail_Bryakin"]
[Black "dropstoneDP"]
[Result "1/2-1/2"]
[WhiteElo "2883"]
[BlackElo "3004"]
[TimeControl "180+1"]
[EndTime "15:59:51 PDT"]
[Termination "Game drawn by repetition"]

1. c4 e5 2. Nc3 Bb4 3. Nd5 Be7 4. d4 exd4 5. Qxd4 Nf6 6. Nxe7 Qxe7 7. Bg5 Nc6 8. Qc3 d6 9. Nf3 Ne5 10. Nxe5 Qxe5 11.
Qxe5+ dxe5 12. Bxf6 gxf6 13. Kd2 Be6 14. Kc3 O-O 15.
e3 Rad8 16. Be2 Rd7 17. Rhd1 Rfd8 18. Rxd7 Rxd7 19. Rd1 Rxd1 20. Bxd1 c5 21. a3 Kf8 22. h4 h6 23. Bf3 b6 24. Bd5 Bd7 25. g3 Ke7 26.
Kd2 a5 27. Kc3 Be8 28. Kd2 Bd7 29. Kc3 Be8 30. Kd2 Bd7 1/2-1/2

[Event "Late-Titled-Tuesday-Blitz-March-26-2024"]
[Site "Chess.com"]
[Date "2024.03.26"]
[Round "11"]
[White "GarciaIsaac"]
[Black "temus_galaktionov"]
[Result "1-0"]
[WhiteElo "2661"]
[BlackElo "2824"]
[TimeControl "180+1"]
[EndTime "16:00:04 PDT"]
[Termination "GarciaIsaac won by resignation"]

1. Nf3 c6 2. g3 g6 3. Bg2 Bg7 4. d4 d6 5. O-O Nd7 6. c4 Ngf6 7. Nc3 O-O 8. e4 e5 9. h3 a5 10. Re1 exd4 11. Nxd4 Nc5 12. Nb3 Nxb3 13. axb3 Qe7 14.
Bf4 Nd7 15. Bxd6 Qe6 16. Bxf8 Nxf8 17. e5 Nd7 18. f4 g5 19. Qd6 gxf4 20. Qxe6 fxe6 21.
gxf4 Bh6 22. Rf1 Nc5 23. b4 Nd3 24. Rxa5 Rxa5 25. bxa5 Bxf4 26. Rf3 1-0

[Event "Late-Titled-Tuesday-Blitz-March-26-2024"]
[Site "Chess.com"]
[Date "2024.03.26"]
[Round "11"]
[White "YegoryoCh"]
[Black "Der_Balak_3Halak"]
[Result "1-0"]
[WhiteElo "2571"]
[BlackElo "2440"]
[TimeControl "180+1"]
[EndTime "16:00:04 PDT"]
[Termination "YegoryoCh won by resignation"]

1. e4 c6 2. d4 d5 3. e5 Bf5 4. c4 e6 5. Nc3 Bb4 6. cxd5 cxd5 7. Bd3 Bxd3 8. Qxd3 Nc6 9. Nf3 Nge7 10. O-O Nf5 11. Ne2 O-O 12. a3 Be7 13. b4 Nh4 14. Nd2 Nf5 15. Nb3 Qb6 16. Bd2 a5 17. b5 a4 18. Nc5 Nxe5 19. Qc3 Nxd4 20. Qxd4 Nd7 21. Nxd7 Qxd4 22. Nxd4 Rfd8 23. Nb6 Rab8 24. Bf4 Bc5 25.
Bxb8 Bxd4 26. Bc7 1-0

[Event "Late-Titled-Tuesday-Blitz-March-26-2024"]
[Site "Chess.com"]
[Date "2024.03.26"]
[Round "11"]
[White "Sanyura"]
[Black "Bryanl106"]
[Result "1-0"]
[WhiteElo "2616"]
[BlackElo "2668"]
[TimeControl "180+1"]
[EndTime "16:00:07 PDT"]
[Termination "Sanyura won by checkmate"]

1. e4 e5 2. Nf3 Nc6 3. Bb5 a6 4.
Ba4 Nf6 5. O-O Be7 6. Re1 b5 7. Bb3 d6 8. c3 O-O 9. h3 a5 10. d4 Bd7 11. a3 h6 12. Nbd2 a4 13. Ba2 Qb8 14. Nf1 Qb7 15. Ng3 Rad8 16. Nh4 Rfe8 17. Nhf5 Bf8 18. Qf3 exd4 19. Nxh6+ gxh6 20. Qxf6 Be6 21. Bxh6 Bxa2 22. Bxf8 Kxf8 23. Nf5 Re6 24. Qh8# 1-0

[Event "Late-Titled-Tuesday-Blitz-March-26-2024"]
[Site "Chess.com"]
[Date "2024.03.26"]
[Round "11"]
[White "sorch29"]
[Black "dealshark"]
[Result "0-1"]
[WhiteElo "2438"]
[BlackElo "2313"]
[TimeControl "180+1"]
[EndTime "16:00:24 PDT"]
[Termination "dealshark won by resignation"]

1. c4 e6 2. g3 d5 3. Bg2 Nf6 4. Nf3 c5 5. O-O Nc6 6. cxd5 exd5 7. d4 Be7 8. Nc3 O-O 9. dxc5 Bxc5 10. Bg5 d4 11.
Ne4 Be7 12. Bxf6 Bxf6 13. Rc1 Bf5 14. Nc5 Qb6 15. Qb3 Rfd8 16. Nd2 Na5 17. Qxb6 axb6 18. Nxb7 Nxb7 19. Bxb7 Rxa2 20. Ne4 Rxb2 21. Nxf6+ gxf6 22. Bf3 b5 23. Rc5 Be6 24. Rd1 b4 0-1

[Event "Late-Titled-Tuesday-Blitz-March-26-2024"]
[Site "Chess.com"]
[Date "2024.03.26"]
[Round "11"]
[White "Chesstiger64"]
[Black "TedBelanoff"]
[Result "1-0"]
[WhiteElo "2404"]
[BlackElo "2228"]
[TimeControl "180+1"]
[EndTime "16:00:35 PDT"]
[Termination "Chesstiger64 won by checkmate"]

1. d4 b5 2. e4 c6 3. f4 a6 4. Nf3 d5 5. Nbd2 Bg4 6. h3 Bxf3 7. Qxf3 dxe4 8. Nxe4 Qxd4 9. c3 Qb6 10. Be3 Qc7 11. O-O-O e6 12. Bc5 Nf6 13. Bxf8 Rxf8 14. Nxf6+ gxf6 15. g4 Nd7 16. Bg2 Rc8 17. Rd2 Nb6 18.
f5 Nc4 19. Rd4 e5 20. Rdd1 Qa5 21. Qxc6+ Rxc6 22. Bxc6+ Ke7 23. Rd7+ Ke8 24. Rhd1 Qb6 25. Rd8+ Ke7 26. R1d7# 1-0

[Event "Late-Titled-Tuesday-Blitz-March-26-2024"]
[Site "Chess.com"]
[Date "2024.03.26"]
[Round "11"]
[White "teresin05"]
[Black "MoldyTofu"]
[Result "1-0"]
[WhiteElo "2235"]
[BlackElo "2062"]
[TimeControl "180+1"]
[EndTime "16:01:03 PDT"]
[Termination "teresin05 won by resignation"]

1. e4 g6 2. d4 Bg7 3. Nc3 d6 4. f4 Nd7 5. Nf3 e6 6. Be3 Ne7 7. Qd2 O-O 8. O-O-O f5 9. e5 d5 10. h3 a6 11. g4 b6 12. g5 c5 13. h4 Qc7 14. h5 Re8 15. hxg6 hxg6 16. Qh2 Kf7 17.
Nh4 Rh8 18. Be2 b5 19. dxc5 Nxc5 20. Qf2 Nd7 21. Nf3 Rxh1 22. Rxh1 b4 23. Nd1 Bb7 24. Nd4 Rc8 25. Rh7 Nc5 26. Qh4 Rg8 27. Nf2 Nc6 28. Nxf5 Nb3+ 29. axb3 gxf5 30. Qh5+ 1-0

[Event "Late-Titled-Tuesday-Blitz-March-26-2024"]
[Site "Chess.com"]
[Date "2024.03.26"]
[Round "11"]
[White "prochn"]
[Black "LeninGuerra"]
[Result "0-1"]
[WhiteElo "2516"]
[BlackElo "2679"]
[TimeControl "180+1"]
[EndTime "16:01:11 PDT"]
[Termination "LeninGuerra won by resignation"]

1. d4 Nf6 2. c4 c5 3. d5 b5 4. cxb5 a6 5. bxa6 Bxa6 6. Nc3 d6 7. e4 Bxf1 8. Kxf1 g6 9. g3 Bg7 10. Kg2 O-O 11. Nf3 Nbd7 12. Qc2 Ra6 13. a4 Qa8 14.
Rd1 Rb8 15. Ra3 Rb4 16. Bd2 Ng4 17. Nb5 Rxb2 18. Qc1 Rxb5 19. h3 Nge5 20. Nxe5 Bxe5 21. f4 Bd4 22. Bc3 Bxc3 23. Rxc3 Rxa4 24. e5 dxe5 25. fxe5 Nxe5 26. Kg1 c4 27. Qf4 Rxd5 28. Rf1 Ra1 29.
Rcc1 Rxc1 30. Rxc1 Nd3 0-1

[Event "Late-Titled-Tuesday-Blitz-March-26-2024"]
[Site "Chess.com"]
[Date "2024.03.26"]
[Round "11"]
[White "Cluke86"]
[Black "ValeriyGrinev"]
[Result "0-1"]
[WhiteElo "2314"]
[BlackElo "2576"]
[TimeControl "180+1"]
[EndTime "16:01:21 PDT"]
[Termination "ValeriyGrinev won by checkmate"]

1. e4 c5 2. Nc3 Nc6 3. f4 g6 4. Nf3 Bg7 5. a4 a6 6. g3 e6 7. e5 d5 8. d4 cxd4 9. Nxd4 Nge7 10. Be3 Nxd4 11. Bxd4 Nf5 12. Bc5 Qc7 13. Ba3 h5 14.
Bd3 Bd7 15. Bxf5 gxf5 16. Qd4 Bf8 17. Bxf8 Kxf8 18. a5 Bb5 19. Qb6 Qc4 20. Kd2 d4 21. Nxb5 axb5 22. Qxb7 Kg7 23. a6 Qb4+ 24. Kc1 Rhc8 25.
Rd1 Rab8 26. Qf3 Qc5 27. Qxh5 Qxc2# 0-1

[Event "Late-Titled-Tuesday-Blitz-March-26-2024"]
[Site "Chess.com"]
[Date "2024.03.26"]
[Round "11"]
[White "ViIIagra"]
[Black "HajiyevKanan"]
[Result "1-0"]
[WhiteElo "2900"]
[BlackElo "2581"]
[TimeControl "180+1"]
[EndTime "16:01:35 PDT"]
[Termination "ViIIagra won by resignation"]

1. e4 c6 2. g3 d5 3. Bg2 dxe4 4. Bxe4 Nf6 5. Bg2 Bg4 6. Nf3 e5 7. h3 Bxf3 8. Qxf3 Bc5 9. O-O O-O 10. d3 Nbd7 11. Nc3 a5 12. Bd2 a4 13. a3 Bd4 14.
Rae1 Qb6 15. Bc1 Rfe8 16. h4 h5 17. Bh3 g6 18. Kg2 Kg7 19. Re2 Qc5 20. Ne4 Nxe4 21. Bxd7 Re7 22. dxe4 Rxd7 23. c3 Qc4 24. cxd4 exd4 25.
Bg5 d3 26. Qf6+ Kg8 27. Bh6 Qd4 28. e5 1-0

[Event "Late-Titled-Tuesday-Blitz-March-26-2024"]
[Site "Chess.com"]
[Date "2024.03.26"]
[Round "11"]
[White "alexrustemov"]
[Black "PepeCuenca"]
[Result "1-0"]
[WhiteElo "2914"]
[BlackElo "2741"]
[TimeControl "180+1"]
[EndTime "16:01:37 PDT"]
[Termination "alexrustemov won by resignation"]

1. d4 Nf6 2. c4 g6 3. Nf3 Bg7 4.
g3 O-O 5. Bg2 d6 6. Nc3 c6 7.
O-O Qb6 8. h3 Qa6 9. Nd2 e5 10.
d5 cxd5 11. cxd5 b5 12. a4 Bd7 13. b3 bxa4 14. Nc4 Ne8 15. Nxa4 Bxa4 16. Rxa4 Qb5 17. Ba3 Nd7 18. Nxd6 Nxd6 19. Bxd6 Rfe8 20. Bc7 e4 21.
Rxe4 Rxe4 22. Bxe4 Nc5 23. Bc2 Qd7 24. d6 Qxh3 25.
Qd5 1-0

[Event "Late-Titled-Tuesday-Blitz-March-26-2024"]
[Site "Chess.com"]
[Date "2024.03.26"]
[Round "11"]
[White "DeArron_Fox"]
[Black "CaspiIsrael"]
[Result "0-1"]
[WhiteElo "2511"]
[BlackElo "2650"]
[TimeControl "180+1"]
[EndTime "16:01:45 PDT"]
[Termination "CaspiIsrael won on time"]

1. d4 Nf6 2. c4 c5 3. d5 b5 4. cxb5 a6 5. bxa6 g6 6. Nc3 Bg7 7. e4 O-O 8. a7 Rxa7 9. Nf3 d6 10. Be2 Ba6 11. O-O Bxe2 12. Qxe2 Nbd7 13. a4 Ne8 14.
Ra3 Nc7 15. Nd2 Qa8 16. Nc4 Rb8 17. Bd2 Nb6 18. Nxb6 Rxb6 19. b3 h5 20. f4 Rab7 21. Rb1 Qb8 22. Qd1 Bd4+ 23. Kh1 c4 24. b4 Rxb4 25.
Rxb4 Rxb4 26. Nb5 Nxb5 27. Bxb4 Nxa3 28. Bxa3 Qb3 29. Qxd4 Qxa3 0-1

[Event "Late-Titled-Tuesday-Blitz-March-26-2024"]
[Site "Chess.com"]
[Date "2024.03.26"]
[Round "11"]
[White "dasatcu90"]
[Black "crazycheesecake"]
[Result "0-1"]
[WhiteElo "2188"]
[BlackElo "2119"]
[TimeControl "180+1"]
[EndTime "16:01:48 PDT"]
[Termination "crazycheesecake won by resignation"]

1. d4 d5 2. Nf3 Nf6 3. e3 e6 4.
Bd3 c5 5. c3 Be7 6. Nbd2 Nc6 7.
O-O O-O 8. dxc5 Bxc5 9. b4 Be7 10.
b5 Nb8 11. c4 Nbd7 12. Bb2 Nc5 13. Be2 Nce4 14. cxd5 Qxd5 15. Bc4 Qh5 16. Nxe4 Nxe4 17. Be5 Rd8 18. Qc2 Nd6 19. Be2 b6 20.
Qb2 f6 21. Nd4 Qxe5 22. Bf3 Bb7 23. Qb3 Bxf3 24. gxf3 Qd5 25. Nc6 Qxb3 26. axb3 Rd7 27. Rfd1 Kf7 28. Nxe7 Kxe7 0-1

[Event "Late-Titled-Tuesday-Blitz-March-26-2024"]
[Site "Chess.com"]
[Date "2024.03.26"]
[Round "11"]
[White "Evandro_Barbosa"]
[Black "AryanTari"]
[Result "0-1"]
[WhiteElo "2650"]
[BlackElo "2966"]
[TimeControl "180+1"]
[EndTime "16:01:52 PDT"]
[Termination "AryanTari won by resignation"]

1. e4 e5 2. Nf3 Nc6 3. Bb5 Nge7 4. O-O Ng6 5. c3 d5 6. d3 Be7 7. Re1 O-O 8. Nbd2 Be6 9. Nf1 f5 10. exd5 Bxd5 11. Ne3 Be6 12. Nc4 e4 13. dxe4 Qxd1 14.
Rxd1 fxe4 15. Ng5 Bxg5 16. Bxg5 Rf5 17. Bxc6 bxc6 18. Rd8+ Rxd8 19. Bxd8 Bxc4 20. Bxc7 Nf4 21. b3 Bd3 0-1

[Event "Late-Titled-Tuesday-Blitz-March-26-2024"]
[Site "Chess.com"]
[Date "2024.03.26"]
[Round "11"]
[White "a_kandil"]
[Black "Zavgorodniy_Sergiy"]
[Result "0-1"]
[WhiteElo "2536"]
[BlackElo "2668"]
[TimeControl "180+1"]
[EndTime "16:02:01 PDT"]
[Termination "Zavgorodniy_Sergiy won by resignation"]

1. e4 c6 2. Nc3 d5 3. Nf3 Bg4 4.
h3 Bxf3 5. Qxf3 dxe4 6. Nxe4 Nd7 7. Bc4 Ne5 8. Qb3 Nxc4 9. Qxc4 Qd5 10. Qe2 e6 11. O-O Be7 12. d4 Nf6 13. Nxf6+ Bxf6 14. Rd1 O-O 15. c4 Qf5 16. Be3 Rfd8 17. Rd2 Rd7 18.
Rad1 Rad8 19. Rd3 b5 20. b3 bxc4 21. bxc4 c5 22. d5 exd5 23. Bxc5 Qe6 24. Qf3 d4 25.
Bxd4 Bxd4 26. Rxd4 Rxd4 27. Rxd4 Qe1+ 28. Kh2 Qe5+ 29.
Rf4 g5 30. g3 gxf4 31. Qg4+ Kh8 32. gxf4 Qg7 33. Qh4 Rg8 0-1

[Event "Late-Titled-Tuesday-Blitz-March-26-2024"]
[Site "Chess.com"]
[Date "2024.03.26"]
[Round "11"]
[White "cthake"]
[Black "maurovargas01"]
[Result "0-1"]
[WhiteElo "1770"]
[BlackElo "1862"]
[TimeControl "180+1"]
[EndTime "16:02:05 PDT"]
[Termination "maurovargas01 won by resignation"]

1. c4 Nc6 2. Nc3 e5 3. d3 f5 4. g3 Nf6 5. Bg2 Bb4 6. Bd2 O-O 7. a3 Bxc3 8. bxc3 d6 9. e3 Qe8 10. Ne2 Ne7 11. O-O Rb8 12. Rb1 b6 13. d4 e4 14.
Qb3 c5 15. Nf4 Nc6 16. h3 Na5 17. Qa2 Ba6 18. Rfc1 Bxc4 19. Qb2 g5 20. dxc5 dxc5 21. Bf1 gxf4 22. Bxc4+ Nxc4 23. Qb3 Qf7 24. Rd1 Nxd2 25. Qxf7+ Kxf7 26. Rxd2 fxe3 27. fxe3 Rbd8 28. Rf2 Nd5 29.
Rxf5+ Kg6 30. Re5 Nxc3 31. Rf1 Ne2+ 0-1

[Event "Late-Titled-Tuesday-Blitz-March-26-2024"]
[Site "Chess.com"]
[Date "2024.03.26"]
[Round "11"]
[White "Polish_fighter3000"]
[Black "snowlord"]
[Result "0-1"]
[WhiteElo "3110"]
[BlackElo "2996"]
[TimeControl "180+1"]
[EndTime "16:02:12 PDT"]
[Termination "snowlord won on time"]

1. e4 e5 2. Nf3 Nf6 3. Nxe5 d6 4. Nf3 Nxe4 5. d4 d5 6. Bd3 Bd6 7. O-O O-O 8. c4 c6 9. Re1 Bf5 10. Qc2 Na6 11. a3 Bg6 12. c5 Bb8 13. b4 Nc7 14.
Nbd2 f5 15. Bb2 Ne6 16. Rad1 Bh5 17. Ra1 Qf6 18. Bf1 Bf4 19. g3 Bxd2 20. Nxd2 Nxd4 21.
Bxd4 Qxd4 22. Nb3 Qf6 23. Bg2 Rae8 24. f3 Ng5 25. Qd3 f4 26. g4 Bxg4 27. fxg4 f3 28.
Rxe8 Rxe8 29. Rf1 Qb2 30. Bxf3 Nh3+ 31. Kh1 Nf2+ 32. Rxf2 Qxf2 0-1

[Event "Late-Titled-Tuesday-Blitz-March-26-2024"]
[Site "Chess.com"]
[Date "2024.03.26"]
[Round "11"]
[White "Christian_Jordan"]
[Black "PNEPaul"]
[Result "0-1"]
[WhiteElo "1985"]
[BlackElo "1950"]
[TimeControl "180+1"]
[EndTime "16:02:20 PDT"]
[Termination "PNEPaul won by resignation"]

1. e4 e5 2. Nf3 Nc6 3. Bb5 f5 4. d3 Nf6 5. O-O Be7 6. Nc3 O-O 7. Bxc6 dxc6 8. Nxe5 fxe4 9. dxe4 Bd6 10. f4 Bxe5 11. Qxd8 Rxd8 12. fxe5 Ng4 13. Bf4 Re8 14. Rad1 Be6 15.
h3 Bc4 16. Rf3 Nxe5 17. Bxe5 Rxe5 18. b3 Be6 19. Kf2 Rf8 20. Ke3 Rxf3+ 21. Kxf3 Rc5 22. Rd3 Kf7 23. Ke3 Rg5 24. Rd2 Rg3+ 0-1

[Event "Late-Titled-Tuesday-Blitz-March-26-2024"]
[Site "Chess.com"]
[Date "2024.03.26"]
[Round "11"]
[White "Oleksandr_Bortnyk"]
[Black "GMKrikor"]
[Result "1-0"]
[WhiteElo "3037"]
[BlackElo "2833"]
[TimeControl "180+1"]
[EndTime "16:02:24 PDT"]
[Termination "Oleksandr_Bortnyk won on time"]

1. e4 c5 2. Be2 Nc6 3. d3 e6 4.
f4 d5 5. Nf3 Nf6 6. e5 Ng8 7.
c3 h5 8. O-O Nh6 9. d4 Nf5 10.
Bd3 Qb6 11. Bxf5 exf5 12. Rf2 Be6 13. Be3 c4 14. Nbd2 Qd8 15. b3 b5 16. a4 b4 17.
cxb4 c3 18. Nb1 Bxb4 19. Rc2 Na5 20. Nxc3 O-O 21. Ng5 g6 22. Nxe6 fxe6 23. Nb5 Rf7 24. Rac1 Rb8 25. Nc7 Qd7 26. Na6 Rb6 27. Rc7 Rxa6 28.
Rxd7 Rxd7 29. Rc8+ Kf7 30. Qc2 Rb6 31. Bd2 Bxd2 32.
Qxd2 Nxb3 33. Qc3 a5 34. Rh8 1-0

[Event "Late-Titled-Tuesday-Blitz-March-26-2024"]
[Site "Chess.com"]
[Date "2024.03.26"]
[Round "11"]
[White "RianKapriaga"]
[Black "misterlamine"]
[Result "0-1"]
[WhiteElo "2356"]
[BlackElo "2479"]
[TimeControl "180+1"]
[EndTime "16:02:29 PDT"]
[Termination "misterlamine won by checkmate"]

1. d4 Nf6 2. Nf3 g6 3. c4 Bg7 4.
Nc3 O-O 5. e4 d6 6. Be2 Nbd7 7.
O-O e5 8. h3 a6 9. Be3 Re8 10. d5 Rf8 11. Ne1 b6 12. b4 Ne8 13.
c5 bxc5 14. bxc5 dxc5 15. Nd3 c4 16. Nc5 Nd6 17. N5a4 f5 18. f3 Nf6 19. Qc2 Nh5 20. Nb2 Ng3 21. Rfe1 fxe4 22. fxe4 Qh4 23. Bxc4 Rb8 24.
Rab1 Rxb2 25. Rxb2 Nxc4 26. Rbb1 Nxe3 27. Rxe3 Bh6 28.
Rf3 Rxf3 29. gxf3 Be3+ 30. Kg2 Qxh3# 0-1

[Event "Late-Titled-Tuesday-Blitz-March-26-2024"]
[Site "Chess.com"]
[Date "2024.03.26"]
[Round "11"]
[White "thesupera12"]
[Black "b_6"]
[Result "1-0"]
[WhiteElo "2439"]
[BlackElo "2462"]
[TimeControl "180+1"]
[EndTime "16:02:29 PDT"]
[Termination "thesupera12 won by resignation"]

1. e4 c5 2. Qh5 Nf6 3. Qxc5 Nxe4 4. Qe3 d5 5. d3 Nf6 6. Nf3 Nc6 7. d4 Bf5 8. Bd3 Bxd3 9. Qxd3 e6 10. O-O Qc7 11.
Bg5 Ne4 12. Bh4 Nb4 13. Qb5+ Qc6 14. Qxc6+ bxc6 15. Rc1 Be7 16. Bxe7 Kxe7 17. a3 Na6 18. Nbd2 Nxd2 19. Nxd2 Rab8 20. b4 Rhc8 21. Nb3 f6 22.
Re1 Kf7 23. Re3 Re8 24. Rae1 Rb7 25. f4 g6 26. Kf2 Rbe7 27. Rc3 Rc7 28. Na5 Nb8 29.
Ree3 e5 30. fxe5 fxe5 31. Rxe5 Rxe5 32. dxe5 Ke6 33. b5 c5 34. Nc6 Nxc6 35. Rxc5 Kxe5 36. Rxc6 Rxc6 37. bxc6 Kd6 38. c7 Kxc7 39. Ke3 Kd6 40.
Kd4 g5 41. g4 h6 42. h3 Ke6 43. Kc5 Ke5 44. Kc6 Kf4 45. Kxd5 Kg3 46. c4 Kxh3 47. c5 Kxg4 48. c6 h5 49. c7 h4 50. c8=Q+ 1-0

[Event "Late-Titled-Tuesday-Blitz-March-26-2024"]
[Site "Chess.com"]
[Date "2024.03.26"]
[Round "11"]
[White "rdarruda"]
[Black "The_Straightforward_Rook"]
[Result "1/2-1/2"]
[WhiteElo "2510"]
[BlackElo "2397"]
[TimeControl "180+1"]
[EndTime "16:02:30 PDT"]
[Termination "Game drawn by repetition"]

1. d4 d5 2. Nf3 c6 3. c4 Nf6 4.
e3 e6 5. Nc3 Nbd7 6. Bd3 dxc4 7.
Bxc4 b5 8. Be2 b4 9. Na4 c5 10.
Nxc5 Nxc5 11. dxc5 Qxd1+ 12. Bxd1 Bxc5 13. b3 Ba6 14. Bb2 Ke7 15. Be2 Bxe2 16. Kxe2 Rhd8 17.
Ne5 Rac8 18. Rac1 Nd5 19. Rhd1 f6 20. Nc4 Nb6 21. Na5 Rxd1 22. Rxd1 Bd6 23. Rd2 Nd5 24. Nc4 Bb8 25. g3 h5 26. e4 Nb6 27. Nxb6 axb6 28. Bd4 Rc6 29. Kd3 Bd6 30. f3 Bc5 31. Be3 Rd6+ 32.
Ke2 Bxe3 33. Kxe3 Rxd2 34. Kxd2 Kd6 35. Kd3 Kc5 36. Ke3 e5 37. Kd3 g5 38. h4 b5 39. Ke3 Kd6 40. Kd3 Kc5 41. Ke3 Kd6 42.
Kd3 Ke6 43. Ke3 Kd6 1/2-1/2

[Event "Late-Titled-Tuesday-Blitz-March-26-2024"]
[Site "Chess.com"]
[Date "2024.03.26"]
[Round "11"]
[White "salgadoLO"]
[Black "elcala"]
[Result "1-0"]
[WhiteElo "2161"]
[BlackElo "1789"]
[TimeControl "180+1"]
[EndTime "16:02:33 PDT"]
[Termination "salgadoLO won on time"]

1. e4 d5 2. Nc3 d4 3. Nce2 e5 4. Ng3 c5 5. Bc4 Nf6 6. d3 Nc6 7. N1e2 Bd6 8. O-O a6 9. a3 b5 10. Ba2 O-O 11. f4 h6 12. f5 Na5 13. Kh1 c4 14.
Ng1 Bb7 15. Nh5 Nxh5 16. Qxh5 Qf6 17. Nh3 Be7 18. Bd2 Nc6 19. dxc4 bxc4 20. Bxc4 Rac8 21.
Bd3 Nb8 22. Rae1 Qh4 23. Qxh4 Bxh4 24. g3 1-0

[Event "Late-Titled-Tuesday-Blitz-March-26-2024"]
[Site "Chess.com"]
[Date "2024.03.26"]
[Round "11"]
[White "Slovak_fighter2000"]
[Black "Heliosis11"]
[Result "0-1"]
[WhiteElo "2592"]
[BlackElo "2362"]
[TimeControl "180+1"]
[EndTime "16:02:35 PDT"]
[Termination "Heliosis11 won on time"]

1. e4 c5 2. Nf3 e6 3. c3 Nf6 4. e5 Nd5 5. d4 cxd4 6. cxd4 b6 7.
g3 Bb7 8. Bg2 d6 9. O-O dxe5 10.
Nxe5 Nd7 11. Re1 Nxe5 12. dxe5 Be7 13. Qg4 g6 14. Bh6 Rc8 15. Nc3 Qd7 16. Rad1 Rd8 17. Nxd5 Bxd5 18. Bg7 h5 19. Bf6 hxg4 0-1

[Event "Late-Titled-Tuesday-Blitz-March-26-2024"]
[Site "Chess.com"]
[Date "2024.03.26"]
[Round "11"]
[White "Heydarli77"]
[Black "TheMagician"]
[Result "1-0"]
[WhiteElo "2456"]
[BlackElo "2272"]
[TimeControl "180+1"]
[EndTime "16:02:39 PDT"]
[Termination "Heydarli77 won by checkmate"]

1. d4 Nf6 2. c4 e6 3. Nc3 d5 4.
Bg5 Be7 5. e3 Nbd7 6. Qc2 c6 7.
Nf3 h6 8. Bh4 a6 9. cxd5 Nxd5 10. Bxe7 Qxe7 11. Nxd5 exd5 12. Bd3 O-O 13. O-O Re8 14.
Rab1 a5 15. a3 a4 16. Qe2 Nf8 17. h3 Qf6 18. Ne5 Bf5 19. Rbc1 Bxd3 20. Qxd3 Re7 21. Rc3 Nd7 22. Nxd7 Rxd7 23. Rc2 Qe6 24. Qc3 Ra6 25. Qb4 Qd6 26. Qxd6 Rxd6 27. Rd1 Kf8 28. Kf1 Ke7 29.
Ke2 Kd7 30. Kd3 f5 31. Rg1 Rg6 32. g4 b5 33. Rcc1 fxg4 34. hxg4 Ra8 35. f4 Rf6 36. g5 Re6 37. gxh6 gxh6 38. Rg7+ Kd6 39. Rcg1 Rh8 40. Ra7 h5 41. Rgg7 Reh6 42. f5 h4 43. Rad7# 1-0

[Event "Late-Titled-Tuesday-Blitz-March-26-2024"]
[Site "Chess.com"]
[Date "2024.03.26"]
[Round "11"]
[White "Mikhal867"]
[Black "BabageldiAnnaberdiyev"]
[Result "1-0"]
[WhiteElo "2498"]
[BlackElo "2623"]
[TimeControl "180+1"]
[EndTime "16:02:40 PDT"]
[Termination "Mikhal867 won by checkmate"]

1. d4 Nf6 2. c4 g6 3. f3 Bg7 4. e4 d6 5. Nc3 O-O 6. Be3 e5 7. Nge2 Nc6 8. d5 Ne7 9. Qd2 Ne8 10. O-O-O f5 11. Kb1 f4 12. Bf2 a5 13. c5 h5 14. Nc1 g5 15. h3 Rf6 16. Bc4 Ng6 17.
Na4 Bf8 18. Nb3 Kh7 19. Be2 Bd7 20. Nc3 a4 21. Nc1 dxc5 22. a3 Bd6 23. Bb5 b6 24. Qc2 Bxb5 25. Nxb5 Qd7 26. Qc4 Ra5 27. Nxd6 Nxd6 28.
Qc3 h4 29. Nd3 Rb5 30. Nxe5 Nxe5 31. Qxe5 Rxb2+ 32. Qxb2 Rg6 33. Ka2 Nc4 34. Qc3 b5 35. Rhe1 Qe7 36. e5 Rb6 37. d6 cxd6 38. exd6 Qf8 39. d7 Rb8 40. Qd3+ Kh6 41. Re6+ Kh5 42.
Qg6# 1-0

[Event "Late-Titled-Tuesday-Blitz-March-26-2024"]
[Site "Chess.com"]
[Date "2024.03.26"]
[Round "11"]
[White "CrushingKings"]
[Black "djano"]
[Result "1-0"]
[WhiteElo "2591"]
[BlackElo "2666"]
[TimeControl "180+1"]
[EndTime "16:02:51 PDT"]
[Termination "CrushingKings won by resignation"]

1. Nf3 c5 2. g3 g6 3. Bg2 Bg7 4. O-O Nf6 5. c4 O-O 6. d4 cxd4 7. Nxd4 Nc6 8. Nc3 Qa5 9. Nc2 d6 10.
Ne3 Qh5 11. Re1 Ng4 12. Nxg4 Bxg4 13. Qd2 Nd4 14. b3 Nxe2+ 15. Nxe2 Bxa1 16. Nf4 Qh6 17. Bxb7 Rab8 18. Bg2 Rfe8 19. Bc6 Rec8 20. Nd5 Qxd2 21. Nxe7+ Kg7 22. Bxd2 Rc7 23. Ba5 Rxe7 24. Rxe7 Bd4 25. Bd5 Rf8 26. Re4 f5 27. Rxd4 Re8 28. f3 Bh3 29. Kf2 1-0